 Dungeon Crawl Stone Soup version 0.29.1-15-g9cfb28693d (webtiles) character file.

Game seed: 9543481297350148378

247 Eitelfritz the Chopper (level 6, -1/55 HPs)
             Began as a Hill Orc Fighter on Apr 25, 2023.
             Slain by Edmund
             ... wielding a +2 flail of venom
              (7 damage)
             ... on level 4 of the Dungeon.
             The game lasted 00:03:31 (3886 turns).

Eitelfritz the Chopper (Hill Orc Fighter)           Turns: 3886, Time: 00:03:34

Health: -1/55      AC:  9    Str: 21    XL:     6   Next: 11%
Magic:  6/6        EV:  9    Int:  8    God:
Gold:   136        SH:  4    Dex: 10    Spells: 5/5 levels left

rFire   . . .      SeeInvis .   a - +0 war axe
rCold   . . .      Faith    .   c - +0 buckler
rNeg    . . .      Spirit   .   b - +0 scale mail
rPois   .          Reflect  .   r - +0 helmet
rElec   .          Harm     .   (no cloak)
rCorr   .          Rampage  .   m - +0 pair of gloves
Will    .....                   (no boots)
Stlth   ..........              (no amulet)
HPRegen 0.18/turn               (no ring)
MPRegen 0.10/turn               (no ring)

@: mighty, lethally poisoned (-1 -> -13), attractive
A: no striking features
a: no special abilities


You were on level 4 of the Dungeon.
You visited 1 branch of the dungeon, and saw 4 of its levels.

You collected 136 gold pieces.

Inventory:

Hand Weapons
 a - a +0 war axe (weapon)
Missiles
 v - 4 boomerangs (quivered)
Armour
 b - a +0 scale mail (worn)
 c - a +0 buckler (worn)
 m - a +0 pair of gloves (worn)
 r - a +0 helmet (worn)
Jewellery
 y - a +6 ring of intelligence
Scrolls
 e - a scroll of fear {unknown}
 f - 3 scrolls of butterflies {unknown}
 g - 2 scrolls of vulnerability {unknown}
 h - a scroll of blinking {unknown}
 j - 4 scrolls of identify {unknown}
 n - 2 scrolls of magic mapping {unknown}
 o - 2 scrolls of poison {unknown}
 t - a scroll of torment {unknown}
 u - a scroll of enchant weapon {unknown}
 w - 3 scrolls of teleportation {unknown}
Potions
 i - 2 potions of flight {unknown}
 k - 3 potions of haste {unknown}
 l - 2 potions of attraction
 p - a potion of degeneration {unknown}
 q - a potion of curing {unknown}
 s - 2 potions of mutation {unknown}
 x - a potion of heal wounds {unknown}
 z - a potion of brilliance {unknown}


   Skills:
 + Level 4.8 Fighting
 + Level 5.8 Axes
 + Level 4.4 Armour
 + Level 0.2 Dodging
 + Level 0.1 Stealth
 + Level 3.9 Shields


You had 5 spell levels left.
You didn't know any spells.
Your spell library contained the following spells:

 Spells                   Type           Power      Damage    Failure   Level
 Magic Dart               Conj           0%         1d3       83%         1
 Call Imp                 Summ           0%         N/A       92%         2
 Dazzling Flash           Conj/Hex       0%         N/A       99%         3
 Mephitic Cloud           Conj/Pois/Air  0%         N/A       99%         3
 Iskenderun's Mystic Bla  Conj/Tloc      0%         2d3       100%        4
 Starburst                Conj/Fire      0%         6d3       100%        6


Dungeon Overview and Level Annotations

Branches:
Dungeon (4/15)
 Temple: D:4-7

Altars:

Annotations:
D:4 Edmund


Message History

You hit Edmund.
Edmund is lightly wounded.
You feel sick.
Edmund hits you with a +2 flail of venom.
You are more poisoned.
A jackal comes into view.
You barely miss Edmund.
Edmund is lightly wounded.
You feel very sick.
The jackal barks!
Edmund barely misses you.
Edmund hits you with a +2 flail of venom.
You barely miss Edmund.
Edmund is lightly wounded.
You feel very sick.
Edmund hits you with a +2 flail of venom.
You are more poisoned.
You slice Edmund!!
Edmund is heavily wounded.
You feel very sick. Edmund closely misses you.
You slash Edmund!
Edmund is severely wounded.
You feel very sick.
Edmund hits you with a +2 flail of venom.
* * * LOW HITPOINT WARNING * * *
You are lethally poisoned!
You barely miss Edmund.
Edmund is severely wounded.
* * * LOW HITPOINT WARNING * * *
You feel very sick. Edmund completely misses you. x2
Unknown command.
It was a potion of attraction.
You feel attractive to monsters.
* * * LOW HITPOINT WARNING * * *
You feel very sick.
Edmund says, "Maybe I'll buy a title.
How does Count Edmund sound?"
Edmund hits you with a +2 flail of venom!
You die...

#.# #.# #.# #.# #.#
##### #######.# #...
..[.....########.####
.######.#...........#
.....##.#.######@##.#
.###......# #@# .#
##.....# #h#
.#####...## #h.
........## ...
#######.# .### # #.#
( # ##'## #. #
##.†.##


You could see Edmund and 2 jackals.

Vanquished Creatures
  2 iguanas (D:4)
  3 gnolls
  10 adders
  4 worms
  2 dart slugs
  5 orcs (D:4)
  4 bats
  6 endoplasms
  4 giant cockroaches
  4 goblins
  5 hobgoblins
  A quokka (D:1)
  5 ball pythons
  5 frilled lizards
  4 kobolds
  5 rats
69 creatures vanquished.

Notes
Turn   | Place    | Note
-------+----------+-------------------------------------------
     0 | D:1      | Eitelfritz the Hill Orc Fighter began the quest for the
                  | Orb.
     0 | D:1      | Reached XP level 1. HP: 19/19 MP: 1/1
   190 | D:1      | Reached XP level 2. HP: 27/27 MP: 2/2
   470 | D:1      | Found a faded altar of an unknown god.
   797 | D:1      | Reached skill level 3 in Axes
   933 | D:2      | Reached XP level 3. HP: 22/33 MP: 3/3
  1236 | D:2      | Reached skill level 4 in Axes
  1299 | D:2      | Reached XP level 4. HP: 32/40 MP: 4/4
  2258 | D:3      | Reached skill level 5 in Axes
  2604 | D:3      | Reached XP level 5. HP: 41/47 MP: 5/5
  3657 | D:4      | Reached XP level 6. HP: 47/55 MP: 6/6
  3876 | D:4      | Noticed Edmund
  3886 | D:4      | Slain by Edmund

Illustrated notes

Levels and vault maps discovered:
D:1:      lemuel_arrival_rhombus, layout_basic,
          hellmonk_ecumenical_altar_crossroads, kennysheep_boxes
D:2:      layout_rooms, serial_co_window_serial, co_window_paths_a,
          co_window_paths_a, co_window_corner_a, co_window_paths_a,
          co_window_paths_b, co_window_corner_a, co_window_of_opportunity_a,
          co_window_2corner, co_window_2corner, co_window_broadway_b,
          co_window_paths_c
D:3:      layout_basic, kennysheep_flooded_box
D:4:      layout_loops_corners, chequers_garden, uniq_edmund

Skill      XL: |  1  2  3  4  5 |
---------------+----------------+-----
Fighting       | 4 |  4.8
Axes           | 3 4 5 |  5.8
Armour         | 4 |  4.4
Dodging        | |  0.2
Stealth        | |  0.1
Shields        | |  3.9

Action                   |  1- 3 |  4- 6 || total
-------------------------+-------+-------++-------
Melee: War axe           |    61 |   151 ||   212
  Use: Potion            |       |     2 ||     2
Armor: Scale mail        |    31 |    72 ||   103
Dodge: Dodged            |    19 |    62 ||    81
Block: Buckler           |    13 |    34 ||    47
